 Dungeon Crawl Stone Soup version 0.30-a0-737-gf23d94013f (webtiles) character file.

Game seed: 15276961814472688801

787 cheesebisquit the Cleaver (level 7, -8/87 HPs)
             Began as a Minotaur Berserker on Feb 1, 2023.
             Was a Priest of Trog.
             Killed from afar by an acid dragon (14 damage)
             ... with a splash of acid
             ... on level 5 of the Dungeon.
             The game lasted 00:09:43 (3040 turns).

cheesebisquit the Cleaver (Minotaur Berserker)      Turns: 3040, Time: 00:09:44

Health: -8/87      AC:  3    Str: 24    XL:     7   Next: 56%
Magic:  0/6        EV:  9    Int:  4    God:    Trog [***...]
Gold:   230        SH:  8    Dex:  9    Spells: 6/6 levels left

rFire   . . .      SeeInvis .    a - +0 hand axe
rCold   . . .      Faith    .    k - +2 kite shield
rNeg    . . .      Spirit   +    e - +0 leather armour
rPois   .          Reflect  .    (helmet restricted)
rElec   .          Harm     .    (no cloak)
rCorr   .          Rampage  .    (no gloves)
Will    ++...                    (no boots) Stlth
                                 n - amulet of guardian spirit
HPRegen 1.34/turn                (no ring)
MPRegen 0.10/turn                (no ring)

@: berserking (expiring), strong-willed, regenerating, very quick
A: horns 2, retaliatory headbutt
a: Renounce Religion, Berserk, Trog's Hand


You were on level 5 of the Dungeon.
You worshipped Trog.
Trog was most pleased with you.
You visited 1 branch of the dungeon, and saw 5 of its levels.
You also visited: Sewer.

You collected 230 gold pieces.

Inventory:

Hand Weapons
 a - a +0 hand axe (weapon)
Missiles
 q - 5 poisoned darts (quivered)
Armour
 e - a +0 leather armour (worn)
 k - a +2 kite shield (worn)
Jewellery
 l - a +6 ring of intelligence
 n - an amulet of guardian spirit (around neck)
Wands
 b - a wand of flame (21)
Scrolls
 c - a scroll of vulnerability {unknown}
 d - 9 scrolls of identify {unknown}
 f - 2 scrolls of immolation {unknown}
 g - 9 scrolls of teleportation {unknown}
 h - 3 scrolls of enchant armour {unknown}
 i - a scroll of silence {unknown}
 m - a scroll of noise {unknown}
 p - 2 scrolls of poison {unknown}
 s - a scroll of fog {unknown}
Potions
 j - a potion of lignification {unknown}
 o - a potion of heal wounds {unknown}
 r - 2 potions of magic {unknown}
 t - a potion of invisibility {unknown}
 u - a potion of cancellation {unknown}
 v - a potion of might {unknown}
 w - a potion of haste {unknown}
 x - a potion of resistance {unknown}


   Skills:
 - Level 3.6 Fighting
 + Level 10.7 Axes
 - Level 2.4 Armour
 - Level 2.2 Dodging


You had 6 spell levels left.
You didn't know any spells.
Your spell library was empty.

Dungeon Overview and Level Annotations

Branches:
Dungeon (5/15)              Sewer (visited)
 Temple: D:4-7

Altars:
Elyvilon
Xom


Innate Abilities, Weirdness & Mutations

You have a pair of horns on your head.
You reflexively headbutt those who attack you in melee.


Message History

Beogh smites you!
* * * LOW HITPOINT WARNING * * *
The acid dragon bites you but does no damage.
The acid dragon misses you.
You closely miss the acid dragon.
The acid dragon is lightly wounded.
You slash the orc wizard!
You kill the orc wizard!
Trog accepts your kill.
Trog appreciates your killing of a magic user.
The acid dragon bites you.
* * * LOW HITPOINT WARNING * * *
You block the acid dragon's attack.
You are too berserk!
You slash the acid dragon!
The acid dragon is heavily wounded.
You closely miss the acid dragon.
The acid dragon is heavily wounded.
The acid dragon bites you.
* * * LOW HITPOINT WARNING * * *
The acid dragon claws you but does no damage.
You slash the acid dragon!
The acid dragon is almost dead.
You hit the ufetubus. The ufetubus hits you.
* * * LOW HITPOINT WARNING * * *
The ufetubus barely misses you. The acid dragon bites you.
* * * LOW HITPOINT WARNING * * *
The acid dragon barely misses you.
You closely miss the acid dragon.
The acid dragon is almost dead.
You hit the orc priest. You slash the ufetubus!
You kill the ufetubus!
Trog accepts your kill.
You hit the acid dragon.
The acid dragon is almost dead.
You completely miss the orc priest.
The orc priest hits you but does no damage.
The acid dragon spits acid at you. The splash of acid hits you!
You die...

........# ##..#....
#####.<.#...
...#....... ..
#.....#........ ..
##.....#.......## .#
#..#.#......D)o.#
.###>......## #.@..#
.#....#.#...####).?#
.#.............#.)##
...................#
........#..........#
.##.##.............#
.########...##..>###
..# #...##....#
..### ##......####


You could see an acid dragon (catching breath) and an orc priest.

Vanquished Creatures
  A black bear (D:3)
  An ogre (D:5)
  2 phantoms (D:4)
  3 hounds
  A jelly (D:4)
  An orc priest (D:5)
  Natasha (thrice) (D:4)
  2 orc wizards
  Robin (D:4)
  4 adders
  An ufetubus (D:5)
  3 worms
  3 dart slugs
  14 orcs
  9 endoplasms
  2 giant cockroaches
  10 goblins
  16 hobgoblins
  2 jackals (D:1)
  5 quokkas
  12 ball pythons
  6 bats
  4 frilled lizards
  17 kobolds
  7 rats
130 creatures vanquished.

Vanquished Creatures (others)
  4 plants
4 creatures vanquished.

Grand Total: 134 creatures vanquished

Notes
Turn   | Place    | Note
-------+----------+-------------------------------------------
     0 | D:1      | cheesebisquit the Minotaur Berserker began the quest for
                  | the Orb.
     0 | D:1      | Reached XP level 1. HP: 19/19 MP: 0/0
    56 | D:1      | Reached skill level 4 in Axes
   113 | D:1      | Reached XP level 2. HP: 27/27 MP: 1/1
   368 | D:1      | Reached skill level 5 in Axes
   521 | D:1      | Reached XP level 3. HP: 33/33 MP: 2/2
   874 | D:2      | Reached ** piety under Trog
  1039 | D:2      | Reached XP level 4. HP: 39/40 MP: 3/3
  1089 | D:3      | Reached skill level 6 in Axes
  1569 | D:3      | Noticed a black bear
  1574 | D:3      | Killed a black bear
  1575 | D:3      | Reached skill level 7 in Axes
  1575 | D:3      | Reached XP level 5. HP: 46/46 MP: 4/4
  1718 | D:3      | Found a faded altar of an unknown god.
  1907 | D:4      | Identified the +1 helmet of Donwog Furgha {rPois rC+
                  | Slay+3}
  1907 | D:4      | Noticed Robin
  1911 | D:4      | Killed Robin
  1916 | D:4      | Noticed Natasha
  1923 | D:4      | Killed Natasha
  1924 | D:4      | Reached skill level 8 in Axes
  1924 | D:4      | Reached XP level 6. HP: 43/52 MP: 5/5
  1928 | D:4      | Noticed Natasha
  1940 | D:4      | Killed Natasha
  2118 | D:4      | Reached skill level 9 in Axes
  2171 | D:4      | Noticed Natasha
  2176 | D:4      | Killed Natasha
  2261 | D:4      | Found a shimmering altar of Xom.
  2325 | D:4      | Reached XP level 7. HP: 58/58 MP: 6/6
  2336 | D:4      | Found a glowing drain.
  2344 | Sewer    | Entered a sewer
  2619 | Sewer    | Reached *** piety under Trog
  2928 | D:5      | Entered Level 5 of the Dungeon
  2930 | D:5      | Reached skill level 10 in Axes
  2949 | D:5      | Found a white marble altar of Elyvilon.
  3038 | D:5      | HP: 4/87 [acid dragon (6)]
  3040 | D:5      | Killed from afar by an acid dragon

Illustrated notes

Levels and vault maps discovered:
D:1:      dpeg_arrival_simpleton_b, layout_basic
D:2:      layout_rooms, grunt_ministairs_13
D:3:      layout_basic, shapermc_ecumenical_altar_acropolis
D:4:      layout_cave_pools, mainiacjoe_overflow_chevrons,
          cheibrodos_sewer_entry_drain, uniq_natasha, uniq_robin
D:5:      layout_cave_pools, elyvilon_altar_5, minmay_temple_entry_junction_2,
          serial_glass, glass_columns_a, glass_columns_a, feat_on_display,
          item_on_display_a, serial_shops, shop_statue

Skill      XL: |  1  2  3  4  5  6  7 |
---------------+----------------------+-----
Axes           | 4 5 7 8 9 10 | 10.7
Fighting       | |  3.6
Armour         | |  2.4
Dodging        | |  2.2

Action                     |  1- 3 |  4- 6 |  7- 9 || total
---------------------------+-------+-------+-------++-------
  Melee: Hand axe          |    75 |   118 |    68 ||   261
         Headbutt          |    16 |    19 |     6 ||    41
         Punch             |     1 |       |       ||     1
 Invoke: Berserk           |     1 |     5 |     1 ||     7
         Trog's Hand       |       |     6 |     1 ||     7
 Armour: Animal skin       |     3 |       |       ||     3
         Leather armour    |    12 |    16 |    10 ||    38
  Dodge: Dodged            |    38 |    32 |    20 ||    90
  Block: Kite shield       |       |    62 |    33 ||    95

Table legend: (Time is in decaauts)
 A = Elapsed time spent in this place.
 B = Non-inter-level travel time spent in this place.
 C = Inter-level travel time spent in this place.
 D = Time resting spent in this place.
 E = Time spent auto-exploring this place.
 F = Levels seen in this place.
 G = Mean time per level.
                   A        B        C        D        E       F      G
               +--------+--------+--------+--------+--------+-----+--------+
         Total |   3130 |   3063 |     67 |      5 |   2286 |   6 |  521.7 |
       Dungeon |   2785 |   2718 |     67 |      5 |   2068 |   5 |  557.0 |
         Sewer |    344 |    344 |      0 |      0 |    217 |   1 |  344.0 |
               +--------+--------+--------+--------+--------+-----+--------+

Top non-repeatable levels by time:
     D:3: 819 daAuts
     D:1: 741 daAuts
     D:4: 733 daAuts
     D:2: 382 daAuts
   Sewer: 344 daAuts
     D:5: 108 daAuts
